 Dungeon Crawl Stone Soup version 0.31.0-32-g396128a36d (webtiles) character file.

Game seed: 15931239791160948067

71307 tsMfbOW2 the Severer (level 14, -1/127 HPs)
             Began as a Minotaur Berserker on Mar 28, 2024.
             Was the Champion of Trog.
             Slain by an orc knight
             ... wielding a +0 broad axe
              (19 damage)
             ... on level 2 of the Orcish Mines on Mar 29, 2024.
             The game lasted 01:35:58 (20582 turns).

tsMfbOW2 the Severer (Minotaur Berserker)          Turns: 20582, Time: 01:35:59

Health: -1/127     AC: 20    Str: 29    XL:     14   Next: 97%
Magic:  13/13      EV: 11    Int:  5    God:    Trog [******]
Gold:   1170       SH: 21    Dex:  9    Spells: 13/13 levels left

rFire   . . .        p - +2 broad axe (flame)
rCold   + . .        x - +0 tower shield
rNeg    . . .        U - +4 scale mail {rPois}
rPois   +            X - +1 hat {SInv}
rElec   .            E - +2 cloak
rCorr   .            S - +0 pair of gloves
SInv    +            N - +0 pair of boots
Will    +++..        Y - amulet of reflection Stlth
                     T - ring of willpower
HPRegen 0.41/turn    c - ring of flight
MPRegen 0.13/turn

%: reflection
@: on berserk cooldown, flying, slowed, very slow
A: horns 2, retaliatory headbutt, cold resistance 1, strong-willed 1, strong 1
a: Renounce Religion, Berserk, Trog's Hand, Brothers in Arms


You were on level 2 of the Orcish Mines.
You worshipped Trog.
Trog was exalted by your worship.
You visited 4 branches of the dungeon, and saw 21 of its levels.
You also visited: Sewer and Volcano.

You collected 1170 gold pieces.

Inventory:

Hand Weapons
 f - the +4 spear of Ucemnuph {drain, rC+ rCorr}
   (You found it on level 3 of the Dungeon)

   rC+:       It protects you from cold.
   rCorr:     It protects you from acid and corrosion.
 p - a +2 broad axe of flaming (weapon)
 I - a +4 flail
 M - a +3 mace of freezing
 W - a +0 demon whip of flaming
Missiles
 v - 15 boomerangs (quivered)
Armour
 q - a +1 chain mail of fire resistance
 x - a +0 tower shield (worn)
 E - a +2 cloak (worn)
 H - a +2 chain mail of cold resistance
 N - a +0 pair of boots (worn)
 S - a +0 pair of gloves (worn)
 U - a +4 scale mail of poison resistance (worn)
 X - a +1 hat of see invisible (worn)
Jewellery
 c - a ring of flight (right hand)
 s - a ring of protection from fire
 T - a ring of willpower (left hand)
 Y - an amulet of reflection (around neck)
 Z - a ring of fire
Wands
 n - a wand of flame (35)
 G - a wand of quicksilver (30)
 K - a wand of digging (7)
 O - a wand of polymorph (16)
 Q - a wand of charming (12)
Scrolls
 b - a scroll of summoning {unknown}
 d - 4 scrolls of enchant armour {unknown}
 e - 11 scrolls of identify
 h - 2 scrolls of fog {unknown}
 i - 2 scrolls of noise {unknown}
 j - 2 scrolls of poison {unknown}
 m - 2 scrolls of vulnerability {unknown}
 t - a scroll of brand weapon {unknown}
 u - a scroll of revelation {unknown}
 y - 6 scrolls of teleportation {unknown}
 D - 4 scrolls of enchant weapon {unknown}
 F - 8 scrolls of amnesia {unknown}
 L - 2 scrolls of fear {unknown}
 R - a scroll of torment {unknown}
 V - 3 scrolls of blinking {unknown}
Potions
 a - 5 potions of haste {unknown}
 g - 7 potions of mutation
 k - 3 potions of heal wounds
 l - 3 potions of enlightenment {unknown}
 o - 2 potions of attraction
 r - 3 potions of lignification {unknown}
 w - 7 potions of curing {unknown}
 z - a potion of invisibility {unknown}
 A - 2 potions of cancellation {unknown}
 B - 3 potions of degeneration {unknown}
 C - 2 potions of berserk rage {unknown}
 J - a potion of experience {unknown}
 P - a potion of brilliance {unknown}


   Skills:
 * Level 12.7 Fighting
 + Level 18.0 Axes
 + Level 10.0 Throwing
 * Level 11.3 Armour
 + Level 7.1 Dodging
 * Level 12.6 Shields
 - Level 8.0 Evocations


You had 13 spell levels left.
You didn't know any spells.
Your spell library was empty.

Dungeon Overview and Level Annotations

Branches:
Dungeon (13/15)            Temple (0/1) D:7            Lair (5/5) D:8
  Swamp (0/4) Lair:3       Spider (1/4) Lair:3        Slime (0/5) Lair:5
    Orc (1/2) D:10          Sewer (visited)         Volcano (visited)
 Vaults: D:13-14

Altars:
Ashenzari
Elyvilon
Gozag
Kikubaaqudgha
Nemelex Xobeh
Ru
Wu Jian
Xom

Shops:
D:2 (   D:5 [   D:8 =   D:10 *   Orc:2 =(*

Annotations:
Spider:1 Azrael


Innate Abilities, Weirdness & Mutations

You have a pair of horns on your head.
You reflexively headbutt those who attack you in melee.
Your flesh is cold resistant. (rC+)
You are strong-willed. (Will+)
Your muscles are strong. (Str +4, Int/Dex -1)


Message History

You kill the orc warrior!
Trog accepts your kill.
You barely miss the orc warrior.
You headbutt the orc warrior, but do no damage.
You block the orc warrior's attack.
You hit the orc warrior. You burn the orc warrior.
Your headbutt misses the orc warrior.
The orc warrior is moderately wounded.
You block the orc warrior's attack.
You barely miss the orc warrior. You headbutt the orc warrior!
The orc warrior is severely wounded.
You block the orc warrior's attack. x2
You closely miss the orc warrior.
The orc warrior is severely wounded.
The orc knight shoots a bolt.
You block the bolt with an invisible shield... and reflect it back!
The bolt hits the orc knight!
You slice the orc warrior!! You burn the orc warrior.
You kill the orc warrior!
Trog accepts your kill.
The orc warrior shoots an arrow.
You block the arrow with an invisible shield... and reflect it back!
The arrow hits the orc warrior!
You kill the orc warrior!
Trog accepts your kill.
The orc warrior shoots an arrow.
You block the arrow with an invisible shield... and reflect it back!
The arrow hits the orc warrior!
The orc knight shoots a bolt.
The bolt hits you!
* * * LOW HITPOINT WARNING * * *
You hit the orc knight. You burn the orc knight.
The orc knight is heavily wounded.
The orc warrior shoots an arrow.
You block the arrow with an invisible shield... and reflect it back!
The arrow barely misses the orc warrior.
The orc knight roars a battlecry!
The orcs go into a battle-frenzy!
The orc knight unwields a +0 arbalest.
The orc knight wields a +0 broad axe.
The orc knight hits you with a +0 broad axe!!
You die...

# ### ## ####.###.###.##
##.#...#...#...#
....#..#....#.##
...............#
.......#.#....##########
................).......
...............)@.o.....
.##..##...###.)o##o.##..
........≈≈# #≈≈$..)....
....)o.≈≈≈# #≈≈≈....o...
).)).≈≈≈≈## ##≈≈≈≈......
...≈≈≈≈### ###≈≈≈≈....
..≈≈≈≈## #≈≈≈≈...


.oo.oooooo.o. ooo... ..$)$oooco.∩. oo.).. You could see 2 orc knights, an orc
warrior (strong) and an orc (strong).

Vanquished Creatures
  Gastronok (Lair:1)
  Kirke (Lair:5)
  A dire elephant (Lair:5)
  Fannar (Lair:1)
  5 hydras
  Harold (D:11)
  3 catoblepae
  A two-headed ogre (D:11)
  Erica (D:10)
  5 boulder beetles
  6 death yaks (Lair:5)
  A deep troll shaman (Lair:5)
  A sun demon (Volcano)
  A hell knight (Volcano)
  4 skeletal warriors (D:11)
  3 skysharks
  A steelbarb worm (Lair:3)
  3 orc knights (Orc:2)
  3 ugly things (Volcano)
  A manticore (D:12)
  2 cyclopes (D:12)
  Maurice (D:9)
  4 kobold blastminers (Orc:2)
  Joseph (D:10)
  27 elephants
  6 cane toads
  A gargoyle (D:10)
  11 black mambas
  15 komodo dragons
  3 rime drakes
  Psyche (D:10)
  2 trolls
  13 blink frogs
  4 polar bears
  Prince Ribbit (D:8)
  2 hornets
  A shadow (D:10)
  37 yaks
  Grum (Lair:1)
  A wraith (D:7)
  5 hogs (Lair:5)
  4 basilisks
  2 wyverns
  2 steam dragons
  8 vampire mosquitoes
  Edmund (D:5)
  2 acid dragons (D:11)
  18 water moccasins
  2 hell hounds (Volcano)
  6 black bears
  19 orc warriors
  3 ice beasts
  2 sky beasts
  3 ogres
  14 centaurs
  2 laughing skulls (D:13)
  19 wolves
  14 bullfrogs
  2 gnoll sergeants
  2 scorpions (D:6)
  11 wights
  10 killer bees
  3 bombardier beetles
  A howler monkey (D:11)
  3 hounds
  6 orc priests
  8 jellies
  A gnoll bouda (D:8)
  Terence (D:2)
  3 iguanas
  6 orc wizards
  9 gnolls
  9 adders
  3 river rats
  2 shadow imps (D:7)
  2 white imps
  4 ufetubi
  5 ribbon worms
  5 dart slugs
  74 orcs
  11 ball pythons
  7 endoplasms
  10 giant cockroaches
  9 goblins
  2 hobgoblins
  9 quokkas
  4 bats
  11 frilled lizards
  12 kobolds
  6 rats
555 creatures vanquished.

Vanquished Creatures (others)
  A rime drake (Lair:5)
1 creature vanquished.

Grand Total: 556 creatures vanquished

Notes
Turn   | Place    | Note
-------+----------+-------------------------------------------
     0 | D:1      | tsMfbOW2 the Minotaur Berserker began the quest for the
                  | Orb.
     0 | D:1      | Reached XP level 1. HP: 19/19 MP: 0/0
   157 | D:3      | Identified the +4 spear of Ucemnuph {drain, rC+ rCorr}
   177 | D:2      | Found an opulent altar of Gozag.
   184 | D:2      | Reached skill level 4 in Axes
   196 | D:2      | Noticed Terence
   298 | D:1      | Reached XP level 2. HP: 24/26 MP: 1/1
   815 | D:2      | Reached skill level 5 in Axes
   825 | D:2      | Reached XP level 3. HP: 31/31 MP: 2/2
   989 | D:2      | Killed Terence
  1023 | D:2      | Reached ** piety under Trog
  1063 | D:2      | Found Ytysuo's Weapon Emporium.
  1085 | D:2      | Reached XP level 4. HP: 39/39 MP: 3/3
  1248 | D:3      | Reached skill level 6 in Axes
  1400 | D:3      | Noticed a black bear
  1406 | D:3      | Killed a black bear
  1407 | D:3      | Reached skill level 7 in Axes
  1407 | D:3      | Reached XP level 5. HP: 45/45 MP: 4/4
  2142 | D:4      | Reached skill level 8 in Axes
  2252 | D:4      | Reached XP level 6. HP: 46/52 MP: 5/5
  2301 | D:4      | Found a glowing drain.
  2310 | Sewer    | Entered a sewer
  2330 | Sewer    | Reached skill level 1 in Shields
  2343 | Sewer    | Reached *** piety under Trog
  2434 | Sewer    | Reached skill level 1 in Evocations
  2436 | Sewer    | Found a viscous altar of Jiyva.
  2592 | D:4      | Noticed a sky beast
  2639 | D:4      | Killed a sky beast
  2640 | D:4      | Reached XP level 7. HP: 55/60 MP: 6/6
  3152 | D:4      | Reached skill level 5 in Fighting
  3161 | D:4      | Reached **** piety under Trog
  3475 | D:4      | Found a sparkling altar of Nemelex Xobeh.
  3475 | D:4      | Found an ornate altar of the Wu Jian Council.
  3612 | D:5      | Entered Level 5 of the Dungeon
  3664 | D:5      | Found Emmost's Armour Boutique.
  3788 | D:5      | Noticed Edmund
  3802 | D:5      | Killed Edmund
  3803 | D:5      | Reached XP level 8. HP: 70/70 MP: 7/7
  3853 | D:5      | Reached skill level 5 in Armour
  4557 | D:6      | Reached skill level 5 in Shields
  4581 | D:6      | Reached skill level 9 in Axes
  4907 | D:6      | Reached XP level 9. HP: 79/79 MP: 8/8
  5568 | D:7      | Reached ***** piety under Trog
  5600 | D:7      | Found a staircase to the Ecumenical Temple.
  5748 | D:7      | Found a sparkling altar of Nemelex Xobeh.
  6474 | D:8      | Found the +5 scythe "Finisher" {speed, execute}
  6510 | D:8      | Reached XP level 10. HP: 90/90 MP: 9/9
  6538 | D:8      | Reached skill level 10 in Axes
  6636 | D:8      | Found a sacrificial altar of Ru.
  6641 | D:8      | Found a broken altar of Ashenzari.
  6706 | D:8      | Found a shimmering altar of Xom.
  6712 | D:8      | Found an ancient bone altar of Kikubaaqudgha.
  6716 | D:8      | Noticed Prince Ribbit
  6744 | D:8      | Found Vaanixt's Jewellery Boutique.
  6762 | D:8      | Killed Prince Ribbit
  7042 | D:8      | Found a white marble altar of Elyvilon.
  7208 | D:8      | Found a staircase to the Lair.
  7902 | D:9      | Noticed Maurice
  7902 | D:9      | Noticed a gargoyle
  7919 | D:10     | Entered Level 10 of the Dungeon
  7928 | D:10     | Noticed Psyche
  7934 | D:10     | Killed Psyche
  7962 | D:10     | Noticed Erica
  7977 | D:10     | Killed Erica
  7978 | D:10     | Reached skill level 10 in Fighting
  8247 | D:10     | Reached skill level 5 in Evocations
  8287 | D:10     | Noticed Joseph
  8303 | D:10     | Killed Joseph
  8367 | D:10     | Noticed a gargoyle
  8384 | D:10     | Killed a gargoyle
  8385 | D:10     | Reached XP level 11. HP: 72/99 MP: 10/10
  8598 | D:10     | Found Weyr's Assorted Antiques.
  8694 | D:10     | Reached skill level 10 in Shields
  8712 | D:10     | Reached skill level 5 in Dodging
  8957 | D:10     | Found a staircase to the Orcish Mines.
  9627 | Lair:1   | Entered Level 1 of the Lair of Beasts
  9639 | Lair:1   | Noticed Grum
  9649 | Lair:1   | Reached skill level 11 in Axes
  9684 | Lair:1   | Killed Grum
  9953 | D:11     | Noticed a boulder beetle
  9987 | D:11     | Killed a boulder beetle
  9988 | D:11     | Reached skill level 1 in Throwing
 10042 | D:11     | Noticed a skeletal warrior
 10245 | D:11     | Killed a skeletal warrior
 10354 | D:11     | Noticed a skeletal warrior
 10598 | D:11     | Reached skill level 12 in Axes
 10609 | D:11     | Received a gift from Trog
 10716 | D:11     | Noticed a two-headed ogre
 10729 | D:11     | Killed a two-headed ogre
 10962 | D:11     | Noticed Harold
 10985 | D:11     | Killed Harold
 11000 | D:11     | Noticed a skeletal warrior
 11000 | D:11     | Noticed a skeletal warrior
 11149 | D:11     | HP: 2/148 [skeletal warrior/+0 long sword of freezing (9)]
 11155 | D:11     | Killed a skeletal warrior
 11409 | D:11     | Gained mutation: Your muscles are strong. (Str +4, Int/Dex
                  | -1) [potion of mutation]
 11409 | D:11     | Gained mutation: Your flesh is cold resistant. (rC+)
                  | [potion of mutation]
 11409 | D:11     | Gained mutation: You are strong-willed. (Will+) [potion of
                  | mutation]
 11479 | D:11     | Killed a skeletal warrior
 11480 | D:11     | Reached skill level 13 in Axes
 11758 | D:11     | Killed a skeletal warrior
 12129 | D:12     | Noticed a boulder beetle
 12153 | D:12     | Killed a boulder beetle
 12202 | D:12     | Reached XP level 12. HP: 106/106 MP: 11/11
 12900 | Lair:1   | Reached skill level 14 in Axes
 12982 | Lair:1   | Noticed a catoblepas
 12997 | Lair:1   | Killed a catoblepas
 12998 | Lair:1   | Reached skill level 5 in Throwing
 13445 | Lair:1   | Noticed Fannar
 13465 | Lair:1   | Killed Fannar
 13721 | Lair:1   | Noticed Gastronok
 13737 | Lair:1   | Killed Gastronok
 13738 | Lair:1   | Reached skill level 15 in Axes
 14534 | Lair:2   | Reached skill level 16 in Axes
 14711 | Lair:2   | Reached XP level 13. HP: 113/113 MP: 12/12
 15019 | Lair:2   | Reached ****** piety under Trog
 15363 | Lair:2   | Reached skill level 17 in Axes
 15518 | Lair:3   | Found a staircase to the Swamp.
 15528 | Lair:3   | Received a gift from Trog
 15540 | Lair:3   | Found a hole to the Spider Nest.
 15622 | Lair:3   | Found a dark tunnel.
 15680 | Volcano  | Entered a volcano
 16407 | Lair:3   | Reached skill level 18 in Axes
 18145 | Lair:4   | Reached XP level 14. HP: 87/122 MP: 13/13
 18461 | Lair:5   | Entered Level 5 of the Lair of Beasts
 18588 | Lair:5   | Received a gift from Trog
 18840 | Lair:5   | Reached skill level 10 in Armour
 19217 | Lair:5   | Noticed Kirke
 19231 | Lair:5   | Killed Kirke
 19362 | Lair:5   | Found a staircase to the Slime Pits.
 20247 | Spider:1 | Entered Level 1 of the Spider Nest
 20247 | Spider:1 | Noticed Azrael
 20247 | Spider:1 | Noticed a broodmother
 20387 | D:9      | Killed Maurice
 20451 | Orc:1    | Entered Level 1 of the Orcish Mines
 20486 | Orc:1    | You are sucked into a shaft and drop 1 floor!
 20486 | Orc:2    | Entered Level 2 of the Orcish Mines
 20497 | Orc:2    | Found Qijob's Jewellery Emporium.
 20497 | Orc:2    | Found Ytakhlelox's Weapon Shop.
 20497 | Orc:2    | Found Hagyown's General Store.
 20567 | Orc:2    | Reached skill level 10 in Throwing
 20582 | Orc:2    | Slain by an orc knight

Illustrated notes

Levels and vault maps discovered:
D:1:      lightli_arrival_noodles, layout_loops_ring, minmay_tripent
D:2:      layout_rooms, basic_altar, serial_shops, shop, uniq_terence
D:3:      layout_loops_ring, grunt_decor_clamped, minivault_11, dk_vineyard_2
D:4:      minmay_razor_zed, layout_gridville, gammafunk_temple_overflow_statue,
          gup_sewer_entry_bubbles
D:5:      layout_cave_pods, serial_shops, shop, uniq_edmund
D:6:      layout_loops_ring
D:7:      minmay_spotlight, layout_basic, minmay_temple_entry_grid,
          minmay_ruined_shrine
D:8:      layout_basic, gammafunk_temple_overflow_forgotten,
          mainiacjoe_overflow_large_starburst, lair_entry_dummy, serial_shops,
          shop_statue, skrybe_limestone_x, uniq_prince_ribbit1
D:9:      layout_irregular_city, uniq_maurice
D:10:     layout_basic, hiddenorc2_lemuel, serial_shops, shop_statue,
          uniq_psyche, uniq_joseph, uniq_erica
D:11:     layout_rooms, uniq_harold
D:12:     layout_loops_ring, amcnicky_mini_corridor_feature,
          nzn_sisyphean_effort
D:13:     layout_layer_cave, skrybe_vaults_entry_preservation
Lair:1:   layout_cave_pods, serial_bayou_shore_a, uniq_fannar, uniq_gastronok,
          uniq_grum
Lair:2:   layout_cave_pods
Lair:3:   wad_woods_structure_01, layout_loops_ring, minmay_swamp_entry_swarm,
          spider_nest_entry_web_field, nicolae_volcano_entry_lava_flow
Lair:4:   layout_cave_pods, grunt_megastairs_4
Lair:5:   grunt_lair_end_beastmaster, layout_misc_corridors,
          nicolae_slime_entry_field_trip, st_stairs_11, uniq_kirke
Spider:1: layout_spider_delve, hangedman_spider_tarantella_strand, uniq_azrael
Orc:1:    layout_caves, uniq_snorg
Orc:2:    st_orc_rangers, layout_caves

Skill      XL: |  1  2  3  4  5  6  7  8  9 10 11 12 13 14 |
---------------+-------------------------------------------+-----
Axes           | 4 5 7 8 9 10 13 16 18 | 18.0
Shields        | 2 4 5 7 9 10 12 | 12.6
Fighting       | 4 5 7 8 10 12 | 12.7
Armour         | 3 4 6 8 9 11 | 11.3
Evocations     | 1 2 3 4 5 7 8 |  8.0
Dodging        | 4 5 7 |  7.1
Throwing       | 4 7 9 10 | 10.0

Action                     |  1- 3 |  4- 6 |  7- 9 | 10-12 | 13-15 || total
---------------------------+-------+-------+-------+-------+-------++-------
  Melee: Spear             |    49 |   152 |   318 |   509 |    13 ||  1041
         Hand axe          |     4 |       |       |   269 |       ||   273
         Headbutt          |     3 |    18 |    58 |   166 |   151 ||   396
         Mace              |       |       |       |    22 |    34 ||    56
         Broad axe         |       |       |       |    13 |   636 ||   649
  Throw: Boomerang         |       |       |       |    13 |     2 ||    15
         Throwing net      |       |       |       |     1 |       ||     1
 Invoke: Berserk           |       |       |     1 |     1 |     2 ||     4
  Evoke: Wand              |       |       |     4 |     4 |     1 ||     9
    Use: Potion            |       |       |       |     2 |     2 ||     4
         Scroll            |       |       |       |     1 |       ||     1
   Stab: Held in net/web   |       |       |       |     2 |       ||     2
         Petrified         |       |       |       |       |    19 ||    19
         Petrifying        |       |       |       |       |     1 ||     1
 Armour: Animal skin       |    11 |       |       |       |       ||    11
         Ring mail         |     2 |     5 |       |       |       ||     7
         Scale mail        |       |    28 |    14 |       |    47 ||    89
         Chain mail        |       |       |    74 |   281 |   263 ||   618
         Skin              |       |       |       |       |     2 ||     2
  Dodge: Dodged            |    17 |    65 |    70 |   263 |   156 ||   571
  Block: Tower shield      |       |    36 |   151 |   238 |   699 ||  1124
         Kite shield       |       |       |     2 |   261 |       ||   263
         Reflection        |       |       |       |       |    74 ||    74
